 Dungeon Crawl Stone Soup version 0.27-a0-1416-g941b2bd30b (webtiles) character file.

Game seed: 17959783568465143056

51 robertstho the Magician (level 4, 0/31 HPs)
             Began as a Djinni Fire Elementalist on July 1, 2021.
             Was an Initiate of Gozag.
             Slain by Terence (3 damage)
             ... on level 2 of the Dungeon.
             The game lasted 00:02:21 (2333 turns).

robertstho the Magician (Djinni Fire Elementalist)  Turns: 2333, Time: 00:02:22

Health: 0/31       AC:  2    Str:  7    XL:     4   Next: 5%
Gold:   35         EV: 12    Int: 18    God:    Gozag SH:  0 Dex: 13

rFire    + + .     SeeInvis .   d - +0 long sword
rCold    x . .     Faith    .   (no shield)
rNeg     . . .     Spirit   .   a - +0 robe
rPois    ∞         Reflect  .   (no helmet)
rElec    .         Harm     .   (no cloak)
rCorr    .         Rampage  .   (no gloves)
Will     .....                  (boots unavailable)
Stlth    ++........             (no amulet)
HPRegen  0.10/turn              (no ring)
MPRegen  0.00/turn              (no ring)

@: flying, very slightly contaminated
A: sickness immunity, fire resistance 2, cold vulnerability 1, float, innate
caster, hp casting, extra vitality 1
a: Renounce Religion, Potion Petition, Call Merchant, Bribe Branch


You were on level 2 of the Dungeon.
You worshipped Gozag.
Gozag was noncommittal.
You visited 1 branch of the dungeon, and saw 2 of its levels.

You collected 55 gold pieces.
You paid 20 gold pieces to Gozag.

Inventory:

Hand Weapons
 d - a +0 long sword (weapon)
Armour
 a - a +0 robe (worn)
Scrolls
 c - a scroll of identify {unknown}
 f - a scroll of teleportation {unknown}
Potions
 b - a potion of attraction {unknown}
 e - a potion of berserk rage {unknown}
 g - a potion of degeneration {unknown}


   Skills:
 * Level 0.7 Fighting
 + Level 2.4 Dodging
 + Level 1.6 Stealth
 * Level 3.4 Spellcasting


You couldn't memorise any spells.
You knew the following spells:

 Your Spells              Type           Power      Damage    Failure   Level
a - Foxfire               Conj/Fire      60%        2x1d7     3%          1
b - Conjure Flame         Conj/Fire      15%        6-21      12%         3
c - Inner Flame           Hex/Fire       15%        N/A       12%         3
d - Sticky Flame          Conj/Fire      15%        2d4       36%         4
e - Fireball              Conj/Fire      7%         3d5       71%         5
f - Magic Dart            Conj           60%        1d6       3%          1
Your spell library was empty.

Dungeon Overview and Level Annotations

Branches:
Dungeon (2/15)

Altars:
Gozag

Annotations:
D:2 Terence


Innate Abilities, Weirdness & Mutations

You are immune to sickness and miasma.
You are immune to poison.
Your flesh is very heat resistant. (rF++)
You are vulnerable to cold. (rC-)
You float through the air rather than walking.
You learn spells naturally, not from books.
Your magical power is your life essence.
You have superior vitality. (+4 HP)


Message History

Casting: Foxfire (safe; 3% risk of failure)
Press: ? - help, Q - select action, (/) - cycle Dir - look around, f - activate You conjure some foxfire!
The foxfire hits Terence but does no damage.
Terence is moderately wounded.
The foxfire hits Terence but does no damage.
Terence is moderately wounded.
Terence says, "Did you write a will?
You should..."
Casting: Foxfire (safe; 3% risk of failure)
Press: ? - help, Q - select action, (/) - cycle Dir - look around, f - activate You conjure some foxfire!
Terence hits you with a +0 short sword.
Your magical contamination has completely faded away.
The foxfire hits Terence but does no damage.
Terence is moderately wounded.
The foxfire hits Terence.
Terence is heavily wounded.
Terence misses you.
Unknown command.
Casting: Foxfire (safe; 3% risk of failure)
Confirm with . or Enter, or press ? or * to list all spells.
The spell is potentially lethal to cast (36% risk of failure)!
Continue anyway?
Aiming: Sticky Flame (potentially lethal; 36% risk of failure)
Press: ? - help, Shift-Dir - straight line, f - Terence
Aim: Terence, wielding a +0 short sword and wearing a +0 chain mail (heavily wounded, 100% to hit)
You miscast Sticky Flame.
You are very lightly contaminated with residual magic.
There is a sudden and violent explosion of flames.
You resist. Terence hits you with a +0 short sword.
Casting: Sticky Flame (potentially lethal; 36% risk of failure)
Confirm with . or Enter, or press ? or * to list all spells.
The spell is potentially lethal to cast (36% risk of failure)!
Continue anyway?
Aiming: Sticky Flame (potentially lethal; 36% risk of failure)
Press: ? - help, Shift-Dir - straight line, f/p - Terence
Aim: Terence, wielding a +0 short sword and wearing a +0 chain mail (heavily wounded, 100% to hit)
You miscast Sticky Flame.
Fire whirls out from your hands. You resist.
* * * LOW HITPOINT WARNING * * *
x2 Terence hits you with a +0 short sword.
You die...
Your body crumbles into a pile of gold.

##....### #.(...#
##.....#
############..._..##
............'......#
#..(....###......####
#.......# #....#.....
#.......# #....##.###
#...@...# #######..#
####@##.# #..##
#.##.# #...# #.##.#
#.#.# #.# .# #.#.#
#.# #.#.. #!# #.##.
#.# #.##. #.###


You could see Terence.

Vanquished Creatures
  An adder (D:2)
  A worm (D:2)
  A dart slug (D:1)
  5 endoplasms (D:1)
  A giant cockroach (D:2)
  5 goblins
  A hobgoblin (D:2)
  5 jackals (D:1)
  A quokka (D:1)
  4 bats (D:1)
  5 kobolds
  2 rats
32 creatures vanquished.

Vanquished Creatures (collateral kills)
  A foxfire (D:1)
1 creature vanquished.

Vanquished Creatures (others)
  136 foxfires
136 creatures vanquished.

Grand Total: 169 creatures vanquished

Notes
Turn   | Place    | Note
-------+----------+-------------------------------------------
     0 | D:1      | robertstho the Djinni Fire Elementalist began the quest for
                  | the Orb.
     0 | D:1      | Reached XP level 1. HP: 15/15 MP: 0/0
   330 | D:1      | Reached XP level 2. HP: 16/21 MP: 0/0
  1034 | D:1      | Reached skill level 3 in Spellcasting
  1112 | D:1      | Reached XP level 3. HP: 24/25 MP: 0/0
  1112 | D:1      | Learned a level 1 spell: Magic Dart
  2084 | D:2      | Reached XP level 4. HP: 23/31 MP: 0/0
  2198 | D:2      | Found an opulent altar of Gozag.
  2283 | D:2      | Became a worshipper of Gozag Ym Sagoz the Greedy
  2323 | D:2      | Noticed Terence
  2333 | D:2      | Slain by Terence

Illustrated notes

Levels and vault maps discovered:
D:1:      shiori_arrival_elements, layout_basic
D:2:      layout_basic, basic_altar, uniq_terence

Skill      XL: |  1  2 |
---------------+-------+-----
Spellcasting   | 3 |  3.4
Fighting       | |  0.7
Dodging        | |  2.4
Stealth        | |  1.6

Action                   |  1- 3 |  4- 6 || total
-------------------------+-------+-------++-------
Melee: Unarmed           |     4 |       ||     4
 Cast: Foxfire           |    86 |     8 ||    94
Armor: Robe              |     6 |       ||     6
Dodge: Dodged            |    20 |     2 ||    22
       Rpst.: Long sword |     4 |       ||     4

Table legend: (Time is in decaauts)
 A = Elapsed time spent in this place.
 B = Non-inter-level travel time spent in this place.
 C = Inter-level travel time spent in this place.
 D = Time resting spent in this place.
 E = Time spent auto-exploring this place.
 F = Levels seen in this place.
 G = Mean time per level.
                   A        B        C        D        E       F      G
               +--------+--------+--------+--------+--------+-----+--------+
         Total |   2332 |   2302 |     30 |      0 |   2056 |   2 | 1166.0 |
       Dungeon |   2332 |   2302 |     30 |      0 |   2056 |   2 | 1166.0 |
               +--------+--------+--------+--------+--------+-----+--------+

Top non-repeatable levels by time:
     D:1: 1879 daAuts
     D:2: 452 daAuts
